[Event "December 12 Late 2023"]
[Site "https://www.chess.com"]
[Date "2023.12.12"]
[Round "10"]
[White "BestestBP"]
[Black "Khokhlova, Daria"]
[Result "0-1"]
[Board "84"]
[TimeControl "180+1"]
[BlackFideId "24182729"]
[WhiteElo "2164"]
[BlackElo "2296"]
[BlackTeam "FID"]
[WhiteClock "0:00:00"]
[BlackClock "0:00:54"]

1. d4 Nf6 2. Nf3 e6 3. c4 Bb4+ 4. Bd2 Qe7 5. Nc3 O-O 6. g3 c5 7. Bg2 Nc6 8. d5 exd5 9. cxd5 Ne5 10. Nxe5 Qxe5 11. O-O d6 12. Bf4 Qe7 13. Nb5 Ne8 14. a3 Ba5 15. b4 cxb4 16. axb4 Bxb4 17. Nxa7 Bd7 18. Qb3 Bc5 19. Nb5 Rxa1 20. Rxa1 Qxe2 21. Nc3 Qe7 22. Qxb7 Nf6 23. h3 Re8 24. Bd2 Qe5 25. Rf1 Qxg3 26. Ne4 Rxe4 0-1

[Event "December 12 Late 2023"]
[Site "https://www.chess.com"]
[Date "2023.12.12"]
[Round "10"]
[White "Biliy, Vadim"]
[Black "Demina, Marya"]
[Result "0-1"]
[Board "85"]
[TimeControl "180+1"]
[WhiteFideId "14114127"]
[BlackFideId "4195671"]
[WhiteElo "2279"]
[BlackElo "2154"]
[WhiteTeam "UKR"]
[BlackTeam "RUS"]
[WhiteClock "0:00:06"]
[BlackClock "0:00:13"]

1. d4 Nf6 2. Nf3 c5 3. e3 cxd4 4. Nxd4 Nc6 5. c4 g6 6. Nc3 Bg7 7. Be2 d5 8. Nxc6 bxc6 9. cxd5 cxd5 10. Bb5+ Bd7 11. Bxd7+ Qxd7 12. O-O O-O 13. Qe2 Rfd8 14. Rd1 e5 15. b3 Qf5 16. Bb2 d4 17. e4 Qe6 18. Na4 Rac8 19. Rac1 Bf8 20. Rxc8 Rxc8 21. Rc1 Rxc1+ 22. Bxc1 Qc6 23. Bb2 Qxe4 24. Qxe4 Nxe4 25. f4 Bd6 26. fxe5 Bxe5 27. g3 f5 28. b4 Kf7 29. Nc5 Nxc5 30. bxc5 Ke6 31. Kf1 Kd5 32. Ba3 d3 33. Ke1 Bc3+ 34. Kd1 Ba5 35. h3 Kd4 36. c6 Kd5 37. c7 Bxc7 38. Kd2 Kc4 39. g4 Ba5+ 40. Kd1 Kd4 41. gxf5 gxf5 42. Bd6 Ke4 43. h4 f4 44. h5 f3 45. Bg3 Ke3 46. Bh4 f2 47. Bxf2+ Kxf2 48. h6 Ke3 49. a3 Kd4 50. a4 Kc4 51. Kc1 Kb3 52. Kd1 Kc3 53. Kc1 Kb3 54. Kd1 Kxa4 55. Kc1 Kb3 56. Kd1 Bc3 57. Kc1 Kc4 58. Kd1 a5 59. Kc1 a4 60. Kb1 a3 61. Kc1 Kb3 62. Kb1 a2+ 0-1

[Event "December 12 Late 2023"]
[Site "https://www.chess.com"]
[Date "2023.12.12"]
[Round "10"]
[White "Golubenko, Valentina"]
[Black "Kniazev, Igor"]
[Result "0-1"]
[Board "86"]
[TimeControl "180+1"]
[WhiteFideId "4501993"]
[BlackFideId "4136349"]
[WhiteElo "2268"]
[BlackElo "2129"]
[WhiteTeam "CRO"]
[BlackTeam "RUS"]
[WhiteClock "0:00:03"]
[BlackClock "0:00:19"]

1. e4 e5 2. Nf3 Nf6 3. Nc3 Bb4 4. d3 d5 5. exd5 Nxd5 6. Bd2 Nxc3 7. bxc3 Bd6 8. Be2 b6 9. O-O Bb7 10. Ng5 O-O 11. Bf3 Bxf3 12. Qxf3 Nd7 13. d4 Qf6 14. Qh3 h6 15. Ne4 Qe6 16. Qd3 f5 17. Nxd6 cxd6 18. Rfe1 e4 19. Qb5 Rac8 20. d5 Qe7 21. Bf4 Rxc3 22. Qb4 Rc5 23. f3 Rxd5 24. fxe4 fxe4 25. Rxe4 Qf6 26. Rae1 Rf5 27. g3 Nc5 28. Qc4+ d5 29. Be5 dxc4 30. Bxf6 R5xf6 31. Rxc4 Kh7 32. Re2 R8f7 33. a4 Rd6 34. a5 Ne6 35. axb6 Rxb6 36. Rce4 Ng5 37. Rf4 Nf3+ 38. Kf2 Rxf4 39. gxf4 Nd4 40. Rd2 Nf5 41. Rd5 Kg6 42. Kf3 Rc6 43. Ke4 Nd6+ 44. Ke5 Nf7+ 45. Ke4 Rxc2 46. f5+ Kf6 47. Rd4 Ng5+ 48. Kf4 Rf2+ 49. Kg3 Re2 50. Kg4 Rg2+ 51. Kf4 Rf2+ 52. Kg4 Rxf5 53. Rd6+ Ke5 54. Ra6 Rf7 55. Ra5+ Ke4 56. Ra4+ Kd5 57. Ra5+ Kc6 58. Ra6+ Kb5 59. Rg6 a5 60. h4 Ne4 61. Re6 Nf6+ 62. Kf5 Nd5+ 63. Kg6 Nf4+ 64. Kxf7 Nxe6 65. Kxe6 a4 66. Kf5 a3 67. Kg6 a2 68. Kxg7 a1=Q+ 69. Kxh6 Qg1 70. h5 Qg4 71. Kh7 Qxh5+ 0-1

[Event "December 12 Late 2023"]
[Site "https://www.chess.com"]
[Date "2023.12.12"]
[Round "10"]
[White "De Souza, Arthur Olintho"]
[Black "Buenafe Moya, Javier"]
[Result "1-0"]
[Board "88"]
[TimeControl "180+1"]
[WhiteFideId "2116200"]
[BlackFideId "2206412"]
[WhiteElo "2073"]
[BlackElo "2357"]
[WhiteTeam "BRA"]
[BlackTeam "ESP"]
[WhiteClock "0:01:11"]
[BlackClock "0:00:08"]

1. e4 e5 2. Nf3 Nc6 3. Bb5 a6 4. Ba4 d6 5. O-O Bd7 6. c3 g5 7. d4 g4 8. Bxc6 Bxc6 9. Nfd2 h5 10. Nc4 Bxe4 11. dxe5 dxe5 12. Nxe5 Qxd1 13. Rxd1 Bd6 14. Nc4 Be7 15. Nbd2 Bd5 16. Ne3 Be6 17. Ne4 f5 18. Nd2 O-O-O 19. Re1 f4 20. Nec4 Bd5 21. Ne5 Bd6 22. Ndc4 f3 23. g3 h4 24. Ng6 hxg3 25. Nxd6+ Rxd6 26. Nxh8 g2 27. Bf4 Rf6 28. Re8+ Kd7 29. Rxg8 Bxg8 30. Be5 Re6 31. Re1 Bh7 32. Nf7 Bg6 33. Ng5 Rb6 34. Rd1+ Ke8 35. b3 Bc2 36. Re1 Kf8 37. Bxc7 Rc6 38. c4 Rxc7 39. Ne6+ Ke7 40. Nxc7+ Kd6 41. Nd5 Kc5 42. Ne3 Bd3 43. Nxg4 Kb4 44. Ne5 Be2 45. Nxf3 Bxf3 46. Re3 Bc6 47. h4 Ka3 48. h5 Kxa2 49. h6 a5 50. h7 a4 51. bxa4 Bxa4 52. h8=Q 1-0

[Event "December 12 Late 2023"]
[Site "https://www.chess.com"]
[Date "2023.12.12"]
[Round "10"]
[White "Reinecke, Katharina"]
[Black "Omariev, Maksim"]
[Result "0-1"]
[Board "89"]
[TimeControl "180+1"]
[WhiteFideId "12929727"]
[BlackFideId "4193423"]
[WhiteElo "2021"]
[BlackElo "2448"]
[WhiteTeam "GER"]
[BlackTeam "RUS"]
[WhiteClock "0:00:09"]
[BlackClock "0:00:06"]

1. d4 h5 2. c4 h4 3. Nf3 h3 4. g3 c6 5. Nc3 d5 6. e3 Nf6 7. Bd2 Bg4 8. Be2 Nbd7 9. Qb3 Qb6 10. Qxb6 Nxb6 11. c5 Nbd7 12. O-O-O b6 13. cxb6 axb6 14. a3 e6 15. Ng1 Bf5 16. f3 Rxa3 17. e4 Ra1+ 18. Kc2 Rxd1 19. Kxd1 dxe4 20. fxe4 Nxe4 21. Nxe4 Bxe4 22. Nf3 Be7 23. Rf1 Bf6 24. Ng5 Bg2 25. Rf2 O-O 26. Be3 Ra8 27. Kc2 Ra1 28. Bf3 Bxg5 29. Bxg5 Rg1 30. Kd3 Bxf3 31. Rxf3 Rg2 32. g4 Rxh2 33. Bf4 Rxb2 34. Rxh3 Rb3+ 35. Kc4 Rxh3 36. Bd6 f6 37. d5 Kf7 38. dxc6 Ne5+ 39. Kb5 Nxc6 40. Kxc6 e5 41. Kxb6 Rg3 42. g5 Rxg5 43. Kc5 Ke6 44. Bxe5 Kxe5 0-1

[Event "December 12 Late 2023"]
[Site "https://www.chess.com"]
[Date "2023.12.12"]
[Round "10"]
[White "Burke, Paul"]
[Black "Kujawski, Adam"]
[Result "1-0"]
[Board "90"]
[TimeControl "180+1"]
[WhiteFideId "2605767"]
[BlackFideId "1100920"]
[WhiteElo "1856"]
[BlackElo "2329"]
[WhiteTeam "CAN"]
[BlackTeam "POL"]
[WhiteClock "0:00:37"]
[BlackClock "0:00:08"]

1. e4 e6 2. d4 d5 3. e5 c5 4. Qg4 cxd4 5. Nf3 Nc6 6. Bd3 h5 7. Qg3 g6 8. O-O Nh6 9. Re1 Nf5 10. Bxf5 exf5 11. Bg5 Be7 12. Bxe7 Qxe7 13. c3 dxc3 14. Nxc3 Be6 15. Nb5 O-O 16. Qf4 Rfd8 17. Qh6 Qf8 18. Qg5 Rac8 19. Nbd4 Qg7 20. Nb5 Rd7 21. Nd6 Rcd8 22. Rad1 Nxe5 23. Nxe5 Rxd6 24. Nf3 Qxb2 25. Ne5 d4 26. Nxg6 fxg6 27. Qxg6+ Kf8 28. Rxe6 Rxe6 29. Qxe6 d3 30. Qxf5+ Ke7 31. Qg5+ Ke8 32. Qxh5+ Kf8 33. Qf5+ Ke7 34. Qg5+ Qf6 35. Qc5+ Rd6 36. Qxa7 d2 37. Qxb7+ Rd7 38. Qe4+ Kf7 39. Qc4+ Kg7 40. Qg4+ Kh8 41. Qxd7 1-0

[Event "December 12 Late 2023"]
[Site "https://www.chess.com"]
[Date "2023.12.12"]
[Round "10"]
[White "Curtis, John"]
[Black "Novikova, Margarita"]
[Result "0-1"]
[Board "92"]
[TimeControl "180+1"]
[WhiteFideId "3200256"]
[BlackFideId "14109689"]
[WhiteElo "2194"]
[BlackElo "2113"]
[WhiteTeam "AUS"]
[BlackTeam "GER"]
[WhiteClock "0:00:00"]
[BlackClock "0:00:47"]

1. e4 d5 2. exd5 Qxd5 3. Nc3 Qd6 4. Nb5 Qd8 5. d4 a6 6. Nc3 Nf6 7. Bc4 e6 8. a3 b5 9. Ba2 Bb7 10. Nf3 Be7 11. O-O O-O 12. Be3 Nbd7 13. Ne5 c5 14. Nxd7 Nxd7 15. d5 exd5 16. Bxd5 Qc7 17. Bxb7 Qxb7 18. Nd5 Nf6 19. Nxe7+ Qxe7 20. Bg5 h6 21. Bxf6 Qxf6 22. c3 Rad8 23. Qc2 c4 24. a4 Rd5 25. axb5 axb5 26. h3 Rfd8 27. Rad1 Qd6 28. Rxd5 Qxd5 29. Re1 g6 30. Qe2 Rd6 31. Qe5 Qc6 32. Qe8+ Qxe8 33. Rxe8+ Kg7 34. Rb8 Rd5 35. Kf1 Re5 36. f4 Rd5 37. Ke2 Kf6 38. g4 h5 39. Rb6+ Ke7 40. Rb7+ Ke6 41. Rb6+ Ke7 42. Rb7+ Kf8 43. g5 Rf5 44. Ke3 h4 45. Ke4 Ke8 46. Rc7 Kd8 47. Ra7 Kc8 48. Ra8+ Kb7 49. Rh8 b4 50. Rxh4 Rb5 51. Kd4 bxc3 52. bxc3 Ra5 53. Kxc4 Kc6 0-1

[Event "December 12 Late 2023"]
[Site "https://www.chess.com"]
[Date "2023.12.12"]
[Round "10"]
[White "Oliveira, Tiago Batista"]
[Black "Travadon, Loic"]
[Result "1/2-1/2"]
[Board "93"]
[TimeControl "180+1"]
[WhiteFideId "2108291"]
[BlackFideId "26092131"]
[WhiteElo "2087"]
[BlackElo "2131"]
[WhiteTeam "BRA"]
[BlackTeam "FRA"]
[WhiteClock "0:00:08"]
[BlackClock "0:01:04"]

1. d4 d5 2. c4 c6 3. Nf3 Nf6 4. Qc2 e6 5. g3 Nbd7 6. Bg2 b6 7. O-O Bb7 8. Nbd2 Bd6 9. Rd1 O-O 10. e4 dxe4 11. Nxe4 Nxe4 12. Qxe4 Nf6 13. Qe2 Qc7 14. Ne5 Bxe5 15. dxe5 Nd7 16. Bf4 Rad8 17. Rd6 Nc5 18. Rad1 a5 19. R1d2 Rd7 20. Qd1 Rxd6 21. Rxd6 a4 22. b4 axb3 23. axb3 b5 24. b4 Na6 25. Rd7 Qb8 26. cxb5 Nxb4 27. Qd6 Nd5 28. bxc6 Qxd6 29. Rxd6 Ba6 30. Bxd5 exd5 31. Rxd5 Rc8 32. Rc5 Kf8 33. c7 Ke7 34. Bd2 Kd7 35. Ba5 Bb7 36. Rc2 Bd5 37. Rd2 Ke6 38. f4 g6 39. Kf2 h5 40. Ke3 Ra8 41. Kd4 Bc6 42. Kc5 Bd7 43. Kb6 Bc8 44. Rd6+ Ke7 45. Bb4 Ra6+ 46. Kc5 Rxd6 47. exd6+ Kd7 48. Kd5 Bb7+ 49. Ke5 Ba6 50. Kf6 Bc4 51. h3 Be6 52. g4 hxg4 53. hxg4 Bxg4 54. Kxf7 Bf5 55. Kf6 Be4 56. Bc5 Bf5 57. Kg5 Kc8 58. Kf6 Kd7 59. Ke5 Kc8 60. Kd5 Kd7 61. Be3 Be6+ 62. Kc5 Bf5 63. Bd4 Kc8 64. Kb6 Be4 65. Be5 Kd7 66. Ka7 Kc8 67. Bf6 Bf5 68. Be7 Bd7 69. Kb6 Bf5 70. Kc6 Bd7+ 71. Kd5 Bf5 72. Ke5 Kd7 73. Kf6 Kc8 74. Kf7 Kd7 75. Kf8 Kc8 76. Ke8 Bd7+ 77. Kf7 Bf5 78. Ke8 Bd7+ 79. Kf8 Bf5 80. Kg7 Kd7 81. Kf6 Kc8 82. Bd8 Kd7 83. Ke5 Kc8 84. Bf6 Kd7 85. Bg5 Kc8 86. Kf6 Kd7 87. Kf7 Be4 88. Kf8 Bf5 89. Kf7 Be4 90. c8=Q+ Kxc8 91. Ke7 Bf5 92. Ke8 Bd7+ 93. Kf7 Bf5 94. Ke7 Bd7 95. Bf6 Bf5 96. Ke8 Bd7+ 97. Ke7 Bf5 98. Kf7 Kd7 99. Be7 Be4 100. Kf6 Bf5 101. Kg5 Be4 102. Kf6 Bf5 103. Kg5 Be4 104. Kf6 1/2-1/2

[Event "December 12 Late 2023"]
[Site "https://www.chess.com"]
[Date "2023.12.12"]
[Round "10"]
[White "Stead, Kerry"]
[Black "Harrington, Steve"]
[Result "0-1"]
[Board "94"]
[TimeControl "180+1"]
[WhiteFideId "3202577"]
[BlackFideId "2038730"]
[WhiteElo "2071"]
[BlackElo "2129"]
[WhiteTeam "AUS"]
[BlackTeam "USA"]
[WhiteClock "0:00:00"]
[BlackClock "0:00:59"]

1. d4 d5 2. e4 dxe4 3. Nc3 Nc6 4. Bb5 Bd7 5. Nxe4 e6 6. c3 Nf6 7. Nxf6+ gxf6 8. Nf3 a6 9. Ba4 b5 10. Bc2 f5 11. Bf4 Bg7 12. Qe2 O-O 13. Rg1 Re8 14. g4 fxg4 15. Rxg4 e5 16. dxe5 Bxg4 17. Rd1 Qe7 18. Qe4 f5 19. Qxc6 Rad8 20. Rxd8 Rxd8 21. e6 Bxf3 22. Qxf3 Qxe6+ 23. Kf1 Kh8 24. Qh3 Rf8 25. Be3 f4 0-1

[Event "December 12 Late 2023"]
[Site "https://www.chess.com"]
[Date "2023.12.12"]
[Round "10"]
[White "Kostiukov, Alexandr"]
[Black "Dilmukhametov, Artur"]
[Result "1-0"]
[Board "95"]
[TimeControl "180+1"]
[WhiteFideId "14108100"]
[BlackFideId "24179922"]
[WhiteElo "2325"]
[BlackElo "2352"]
[WhiteTeam "UKR"]
[BlackTeam "RUS"]
[WhiteClock "0:01:03"]
[BlackClock "0:00:15"]

1. g3 d5 2. Bg2 Nf6 3. d3 g6 4. Nf3 Bg7 5. O-O O-O 6. c3 c5 7. Qa4 Nc6 8. Qh4 h5 9. e4 dxe4 10. dxe4 Bg4 11. h3 Bxf3 12. Bxf3 Qd3 13. Bg2 Ne5 14. Qf4 Nc4 15. b3 e5 16. Qf3 Qxf3 17. Bxf3 Nd6 18. Re1 Rad8 19. Bg5 Rd7 20. Na3 a6 21. Rad1 Re8 22. Bxf6 Bxf6 23. Rd5 b6 24. Red1 Red8 25. Nc4 Be7 26. Nxb6 Rb7 27. Nc4 Rbd7 28. Nxe5 Rb7 29. Nc4 Rbd7 30. e5 Nxc4 31. Rxd7 Rxd7 32. Rxd7 Nxe5 33. Rxe7 Nxf3+ 34. Kg2 Ng5 35. f4 Nh7 36. Ra7 Nf6 37. Rxa6 Ne4 38. c4 Nc3 39. a4 Ne4 40. Ra8+ Kg7 41. a5 Nd2 42. Rb8 Ne4 43. a6 Nd6 44. a7 1-0

[Event "December 12 Late 2023"]
[Site "https://www.chess.com"]
[Date "2023.12.12"]
[Round "10"]
[White "Su, Dion"]
[Black "Gulamirian, Korun"]
[Result "1-0"]
[Board "96"]
[TimeControl "180+1"]
[WhiteFideId "2029731"]
[BlackFideId "4144899"]
[WhiteElo "2341"]
[BlackElo "2014"]
[WhiteTeam "USA"]
[BlackTeam "RUS"]
[WhiteClock "0:01:29"]
[BlackClock "0:00:31"]

1. e4 e5 2. Nf3 Nc6 3. Bb5 a6 4. Ba4 Nf6 5. d3 Be7 6. c3 d6 7. O-O Bg4 8. Re1 O-O 9. Nbd2 b5 10. Bc2 Qd7 11. Nf1 Nd8 12. Ne3 Bh5 13. Nf5 Ne6 14. d4 Bxf3 15. Qxf3 Ne8 16. dxe5 dxe5 17. Rd1 Bd6 18. a4 Nf6 19. Be3 Rab8 20. axb5 axb5 21. Ra6 Qc8 22. Raxd6 cxd6 23. Ne7+ Kh8 24. Nxc8 Rbxc8 25. Rxd6 b4 26. Bd2 bxc3 27. bxc3 Nd4 28. Qd1 Nb5 29. Rd3 Nxe4 30. Rh3 Nexc3 31. Rxh7+ Kg8 32. Rh8+ Kxh8 33. Qh5+ Kg8 34. Qh7# 1-0

[Event "December 12 Late 2023"]
[Site "https://www.chess.com"]
[Date "2023.12.12"]
[Round "10"]
[White "Desideri, Ricardo Maruchi"]
[Black "Prokhorov, Oleksandr"]
[Result "0-1"]
[Board "97"]
[TimeControl "180+1"]
[WhiteFideId "2110440"]
[BlackFideId "14105578"]
[WhiteElo "2000"]
[BlackElo "2332"]
[WhiteTeam "BRA"]
[BlackTeam "UKR"]
[WhiteClock "0:00:07"]
[BlackClock "0:00:40"]

1. e4 c5 2. Nf3 e6 3. d4 cxd4 4. Nxd4 Qb6 5. Nb3 Nf6 6. Be3 Qc7 7. Nc3 Bb4 8. Qd3 d5 9. exd5 Nxd5 10. Bd4 O-O 11. a3 Bxc3+ 12. Bxc3 Nxc3 13. bxc3 Nd7 14. Be2 Nf6 15. O-O b6 16. Bf3 Rb8 17. Nd4 Rd8 18. Qe3 Bb7 19. Rad1 Bxf3 20. Nxf3 Nd5 21. Qg5 Nxc3 22. Rxd8+ Rxd8 23. h4 h6 24. Qe3 Nd5 25. Qe4 Qc5 26. Rd1 Rc8 27. Nd4 Qxa3 28. Nxe6 Nf6 29. Qf5 Qe7 30. Nxg7 Rd8 31. Rxd8+ Qxd8 32. Nh5 Qd1+ 33. Kh2 Nxh5 34. Qc8+ Kg7 35. Qc3+ Nf6 36. Qg3+ Kh7 37. f3 Qxc2 38. Qf4 Qg6 39. g4 a5 40. h5 Qg5 41. Qc7 Kg7 42. Qxb6 Qe5+ 43. Kh3 Nd5 44. Qc5 Nf4+ 0-1

[Event "December 12 Late 2023"]
[Site "https://www.chess.com"]
[Date "2023.12.12"]
[Round "11"]
[White "Lazavik, Denis"]
[Black "Andreikin, Dmitry"]
[Result "1/2-1/2"]
[Board "1"]
[TimeControl "180+1"]
[WhiteFideId "13515110"]
[BlackFideId "4158814"]
[WhiteElo "3087"]
[BlackElo "3123"]
[WhiteTeam "BLR"]
[BlackTeam "FID"]
[WhiteClock "0:02:37"]
[BlackClock "0:02:29"]

1. d4 Nf6 2. c4 e6 3. Nf3 b6 4. g3 Bb7 5. Bg2 Bb4+ 6. Bd2 a5 7. O-O O-O 8. Bf4 Be7 9. Qc2 Be4 10. Qc1 Bb7 11. Qc2 Be4 12. Qc1 Bb7 13. Qc2 1/2-1/2

[Event "December 12 Late 2023"]
[Site "https://www.chess.com"]
[Date "2023.12.12"]
[Round "11"]
[White "Bluebaum, Matthias"]
[Black "Hakobyan, Aram"]
[Result "1/2-1/2"]
[Board "2"]
[TimeControl "180+1"]
[WhiteFideId "24651516"]
[BlackFideId "13306677"]
[WhiteElo "3065"]
[BlackElo "3033"]
[WhiteTeam "GER"]
[BlackTeam "ARM"]
[WhiteClock "0:01:02"]
[BlackClock "0:01:01"]

1. d4 Nf6 2. c4 e6 3. Nc3 Bb4 4. e3 O-O 5. Bd2 d5 6. Nf3 Re8 7. Rc1 Bf8 8. Qc2 a6 9. e4 dxc4 10. Bxc4 Nc6 11. Be3 b5 12. Be2 Bb7 13. e5 Nb4 14. Qb1 Nfd5 15. Ng5 g6 16. Nge4 Nxc3 17. bxc3 Bxe4 18. Qxe4 Nd5 19. O-O c5 20. Rfd1 cxd4 1/2-1/2

[Event "December 12 Late 2023"]
[Site "https://www.chess.com"]
[Date "2023.12.12"]
[Round "11"]
[White "Melkumyan, Hrant"]
[Black "Salem, A.R. Saleh"]
[Result "1-0"]
[Board "3"]
[TimeControl "180+1"]
[WhiteFideId "13302485"]
[BlackFideId "9301348"]
[WhiteElo "2936"]
[BlackElo "3027"]
[WhiteTeam "ARM"]
[BlackTeam "UAE"]
[WhiteClock "0:00:18"]
[BlackClock "0:00:00"]

1. Nf3 Nf6 2. c4 g6 3. Nc3 Bg7 4. e4 d6 5. d4 O-O 6. Be2 e5 7. O-O Nc6 8. d5 Ne7 9. Kh1 a5 10. Ne1 Nd7 11. Nd3 f5 12. Bd2 b6 13. a3 Nf6 14. f3 h5 15. b4 h4 16. bxa5 Rxa5 17. Nf2 Nh5 18. Nb5 Ra8 19. a4 Bd7 20. a5 bxa5 21. Rxa5 Rxa5 22. Bxa5 Bxb5 23. cxb5 Nf4 24. Nd3 g5 25. Nxf4 exf4 26. Bd3 fxe4 27. Bxe4 Nf5 28. Bxf5 Rxf5 29. Qc2 Rf7 30. Rc1 Qd7 31. Qc6 Qf5 32. h3 g4 33. hxg4 Qd3 34. Qc4 Qa3 35. Bb4 Qe3 36. Re1 Qf2 37. Re8+ Rf8 38. Qe2 Qd4 39. Qe6+ Kh8 40. Rxf8+ Bxf8 41. Qe4 Qxe4 42. fxe4 Kg7 43. Kg1 Kf6 44. Kf2 Ke5 45. Kf3 Kd4 46. Kxf4 Kc4 47. Be1 Kxb5 48. Bxh4 c5 49. Bf6 c4 50. g5 Kb4 51. Ke3 Kb3 52. Kd2 Kb4 53. Kc2 Kc5 54. g6 Bh6 55. g7 1-0

[Event "December 12 Late 2023"]
[Site "https://www.chess.com"]
[Date "2023.12.12"]
[Round "11"]
[White "Yoo, Christopher Woojin"]
[Black "Zhigalko, Sergei"]
[Result "1-0"]
[Board "4"]
[TimeControl "180+1"]
[WhiteFideId "30909694"]
[BlackFideId "13502956"]
[WhiteElo "3015"]
[BlackElo "2973"]
[WhiteTeam "USA"]
[BlackTeam "BLR"]
[WhiteClock "0:00:03"]
[BlackClock "0:00:01"]

1. e4 c5 2. Nf3 Nc6 3. Bb5 Nf6 4. Bxc6 dxc6 5. d3 Bg4 6. h3 Bh5 7. Nbd2 Nd7 8. Nc4 Qc7 9. O-O b5 10. Ne3 e6 11. g4 Bg6 12. Nh4 Be7 13. Neg2 f6 14. f4 Bf7 15. g5 O-O-O 16. Qg4 Bd6 17. Be3 c4 18. a4 b4 19. dxc4 Bc5 20. Kh1 Bxe3 21. Nxe3 Nc5 22. f5 Rd4 23. gxf6 gxf6 24. fxe6 Bxe6 25. Qf3 Nxe4 26. Nhf5 Rd2 27. Ng4 Bxf5 28. Qxf5+ Kb8 29. Qxe4 h5 30. Nf2 Rg8 31. Rg1 Rxg1+ 32. Kxg1 Qg3+ 33. Qg2 Qe3 34. Qg8+ Kb7 35. Qg7+ Ka6 36. Qg2 Kb7 37. Kf1 Qe2+ 38. Kg1 Qe3 39. Rf1 Rxc2 40. Qg7+ Kb6 41. Qg2 Rxb2 42. a5+ Kb7 43. Qg7+ Ka6 44. Qg2 h4 45. Qxc6+ Kxa5 46. Qb5# 1-0

[Event "December 12 Late 2023"]
[Site "https://www.chess.com"]
[Date "2023.12.12"]
[Round "11"]
[White "Tari, Aryan"]
[Black "Drygalov, Andrey"]
[Result "1-0"]
[Board "5"]
[TimeControl "180+1"]
[WhiteFideId "1510045"]
[BlackFideId "24171735"]
[WhiteElo "2899"]
[BlackElo "3009"]
[WhiteTeam "NOR"]
[BlackTeam "RUS"]
[WhiteClock "0:00:17"]
[BlackClock "0:00:00"]

1. e4 c5 2. Nf3 d6 3. Bb5+ Nd7 4. d4 cxd4 5. Nxd4 a6 6. Bd3 Ngf6 7. O-O e6 8. c4 Be7 9. Nc3 O-O 10. Re1 Qc7 11. b3 b5 12. Bb2 b4 13. Na4 Nc5 14. Nxc5 Qxc5 15. a3 bxa3 16. Rxa3 Bb7 17. Qa1 Qb6 18. Nf3 e5 19. Bc3 Nd7 20. b4 Qc7 21. Nd2 Rfc8 22. Nf1 Nf8 23. Ne3 Ne6 24. Nd5 Qd8 25. Bf1 Bg5 26. g3 h5 27. Qd1 h4 28. Qg4 hxg3 29. hxg3 Bh6 30. Ba1 g6 31. Rf3 Bg7 32. Rd1 a5 33. c5 Nd4 34. Bxd4 exd4 35. Nb6 dxc5 36. Nxa8 cxb4 37. Qf4 f6 38. Bh3 Rc6 39. Qg4 Bxa8 40. Qxg6 Qe7 41. Bf1 Qe5 42. Rf5 Qxe4 43. Bg2 Qe2 44. Bd5+ Re6 45. Qe8+ Kh7 46. Rh5+ Bh6 47. Qf7+ 1-0

[Event "December 12 Late 2023"]
[Site "https://www.chess.com"]
[Date "2023.12.12"]
[Round "11"]
[White "Nihal Sarin"]
[Black "Smirnov, Anton"]
[Result "1-0"]
[Board "6"]
[TimeControl "180+1"]
[WhiteFideId "25092340"]
[BlackFideId "3208923"]
[WhiteElo "3137"]
[BlackElo "2983"]
[WhiteTeam "IND"]
[BlackTeam "AUS"]
[WhiteClock "0:01:24"]
[BlackClock "0:01:30"]

1. Nf3 d5 2. g3 g6 3. Bg2 Bg7 4. O-O e5 5. d3 Nc6 6. Nc3 Nge7 7. e4 O-O 8. exd5 Nxd5 9. Re1 Re8 10. Nxd5 Qxd5 11. Nxe5 Qe6 12. Nf3 Qd7 13. Rxe8+ Qxe8 14. c3 Bf5 15. d4 Ne7 16. Nh4 Bc8 17. Bg5 c6 18. Qb3 Nd5 19. Nf3 Be6 20. Re1 Ne3 21. Rxe3 Bxb3 22. Rxe8+ Rxe8 23. axb3 Re2 24. Bd2 Re7 25. Kf1 Kf8 26. b4 Ke8 27. Ne1 Kd7 28. Nd3 Kc7 29. Bf4+ Kb6 30. Be3 Kb5 31. b3 a5 32. c4+ Ka6 33. d5 axb4 34. dxc6 bxc6 35. Nxb4+ Kb7 36. Nxc6 Rc7 37. Nb4+ Kc8 38. Nd5 1-0

[Event "December 12 Late 2023"]
[Site "https://www.chess.com"]
[Date "2023.12.12"]
[Round "11"]
[White "Dubov, Daniil"]
[Black "Demchenko, Anton"]
[Result "1-0"]
[Board "7"]
[TimeControl "180+1"]
[WhiteFideId "24126055"]
[BlackFideId "4160258"]
[WhiteElo "3121"]
[BlackElo "2885"]
[WhiteTeam "RUS"]
[BlackTeam "SLO"]
[WhiteClock "0:00:55"]
[BlackClock "0:00:00"]

1. d4 Nf6 2. Bf4 g6 3. Nd2 Bg7 4. e4 d6 5. c3 O-O 6. Be2 Nc6 7. Ngf3 Nh5 8. Be3 e5 9. dxe5 dxe5 10. O-O Nf4 11. Bxf4 exf4 12. Bb5 Ne5 13. Nxe5 Bxe5 14. Nf3 Bg7 15. Bc4 Qe7 16. e5 Bg4 17. Re1 Rad8 18. Qe2 Rfe8 19. h3 Bh5 20. Qe4 c6 21. e6 fxe6 22. Qxf4 Bxf3 23. Rxe6 Qxe6 24. Bxe6+ Rxe6 25. Qxf3 Rd2 26. Rd1 Red6 27. Rxd2 Rxd2 28. b3 1-0

[Event "December 12 Late 2023"]
[Site "https://www.chess.com"]
[Date "2023.12.12"]
[Round "11"]
[White "Zwirs, Nico"]
[Black "Martinez Alcantara, Jose Eduardo"]
[Result "0-1"]
[Board "8"]
[TimeControl "180+1"]
[WhiteFideId "1036432"]
[BlackFideId "3805662"]
[WhiteElo "2862"]
[BlackElo "3057"]
[WhiteTeam "NED"]
[BlackTeam "PER"]
[WhiteClock "0:00:00"]
[BlackClock "0:00:14"]

1. e4 c5 2. Nf3 d6 3. d4 cxd4 4. Nxd4 a6 5. Nc3 e6 6. Be3 b5 7. a4 b4 8. Na2 Bb7 9. f3 d5 10. e5 Nc6 11. f4 Nge7 12. Nb3 Nf5 13. Bf2 Be7 14. Be2 O-O 15. O-O d4 16. Bf3 Qc7 17. Nac1 Rac8 18. Nd3 Na5 19. Nxa5 Bxf3 20. Qxf3 Qxa5 21. Rfc1 Rc4 22. b3 Rc3 23. Be1 Rc7 24. Nb2 Ne3 25. Qe4 Rfc8 26. Bd2 Qd5 27. Qxd5 exd5 28. Nd3 Nxc2 29. Rab1 a5 30. Kf2 f6 31. exf6 gxf6 32. g4 Kf7 33. h3 Bd6 34. f5 Re8 35. Rb2 Ne3 36. Rxc7+ Bxc7 37. Rb1 h5 38. Rc1 Bh2 39. gxh5 Nxf5 40. Rc5 Bg3+ 41. Kf3 Be5 42. Rxd5 Nh4+ 43. Kf2 Ke6 44. Rxa5 Rg8 45. Bxb4 Rg2+ 46. Kf1 Rg3 47. Nc5+ Kf5 48. Be1 Rf3+ 49. Ke2 Re3+ 50. Kd1 Ng2 51. Bd2 Rxh3 52. b4 d3 53. Nxd3 Rxd3 54. Kc2 Rh3 55. b5 Rxh5 56. b6 Rh8 57. Rb5 Ke6 58. a5 Ra8 59. b7 Rd8 60. a6 Bb8 61. Bb4 Ne3+ 62. Kb3 Nd5 63. Bc5 Nc7 64. Rb6+ Kd5 65. Bg1 Ba7 66. Rd6+ Kxd6 67. Bxa7 Nxa6 68. Ka4 Kc6 69. b8=Q Nxb8 0-1

[Event "December 12 Late 2023"]
[Site "https://www.chess.com"]
[Date "2023.12.12"]
[Round "11"]
[White "Duda, Jan-Krzysztof"]
[Black "Adewumi, Tanitoluwa"]
[Result "0-1"]
[Board "9"]
[TimeControl "180+1"]
[WhiteFideId "1170546"]
[BlackFideId "30966396"]
[WhiteElo "3057"]
[BlackElo "2780"]
[WhiteTeam "POL"]
[BlackTeam "USA"]
[WhiteClock "0:00:00"]
[BlackClock "0:00:08"]

1. Nh3 Nf6 2. g3 e5 3. Bg2 d5 4. f3 Bxh3 5. Bxh3 h5 6. e3 Bd6 7. c3 c6 8. d4 Nbd7 9. b3 Qe7 10. O-O O-O-O 11. a4 Kb8 12. Ra2 g5 13. Bf5 h4 14. g4 h3 15. Re2 e4 16. Nd2 Rh4 17. Ref2 exf3 18. Qxf3 Rdh8 19. Kh1 Nf8 20. b4 Ng8 21. e4 Nh6 22. e5 Bc7 23. b5 Ne6 24. bxc6 bxc6 25. Nc4 dxc4 26. Qxc6 Nxf5 27. gxf5 Nf4 28. Bxf4 Rxf4 29. Rb1+ Kc8 30. Rxf4 gxf4 31. Rb7 Rg8 32. f6 Qd7 33. Rb8+ Kxb8 34. Qxd7 f3 35. Qb5+ Kc8 36. Qa6+ Kb8 37. Qb5+ Kc8 38. Qxc4 f2 39. Qf1 Rg1+ 40. Qxg1 fxg1=Q+ 41. Kxg1 Ba5 42. e6 Bxc3 43. exf7 Bxd4+ 44. Kf1 Bc5 45. Ke2 Kd7 46. Kf3 Ke6 47. Kg4 Kxf7 48. Kxh3 Kxf6 49. Kg4 Ke5 50. h4 Kd5 51. h5 Kc4 52. Kf5 Bd4 53. a5 Kb5 54. Ke4 Bh8 55. h6 Kxa5 56. Kd3 Kb4 57. Kc2 a5 0-1